Workbook
Name AbaDeprec: '2.Tabelas Auxiliares'!$A$79
Name AbaRemun: '2.Tabelas Auxiliares'!$A$97

Sheet Zeladoria - Serviços de limpeza
A1: MUNICÍPIO DE BENTO GONÇALVES ESTADO DO RIO GRANDE DO SUL Secretaria Municipal de Finanças
A7: Serviço de Limpeza de Áreas Públicas – Zeladoria
A8: Planilha de Composição de Custos
A10: Orçamento Sintético
A11: Descrição do Item | E11: Custo (R$/mês) | F11: %
A12: =A76 -> 1. Mão-de-obra | E12: =F190 -> 246388.98 | F12: =IFERROR(E12/$E$44,0) -> 0.42535962
A13: =A78 -> 1.1. Auxiliar Administrativo | E13: =F88 -> 3940.247 | F13: =IFERROR(E13/$E$44,0) -> 0.0068023415
A14: =A90 -> 1.2. Técnico Supervisor | E14: =F100 -> 7836.6837 | F14: =IFERROR(E14/$E$44,0) -> 0.01352905
A15: =A102 -> 1.3. Gari Ajudante | E15: =F112 -> 18804.094 | F15: =IFERROR(E15/$E$44,0) -> 0.032462905
A16: =A114 -> 1.4. Gari Varredor | E16: =F124 -> 79917.398 | F16: =IFERROR(E16/$E$44,0) -> 0.13796735
A17: =A126 -> 1.5. Roçador | E17: =F136 -> 56412.281 | F17: =IFERROR(E17/$E$44,0) -> 0.097388716
A18: =A138 -> 1.6. Motoristas Operadores | E18: =F148 -> 14249.037 | F18: =IFERROR(E18/$E$44,0) -> 0.024599173
A19: =A150 -> 1.7. Motoristas Caminhão/Caminhonete | E19: =F160 -> 39903.352 | F19: =IFERROR(E19/$E$44,0) -> 0.068888124
A20: =A162 -> 1.8. Vale Transporte | E20: =F174 -> 6826.431 | F20: =IFERROR(E20/$E$44,0) -> 0.011784976
A21: =A177 -> 1.9. Auxílio Alimentação (mensal) | E21: =F188 -> 18499.455 | F21: =IFERROR(E21/$E$44,0) -> 0.031936985
A22: =A192 -> 2. Uniformes e Equipamentos de Proteção Individual | E22: =+F249 -> 13477.877 | F22: =IFERROR(E22/$E$44,0) -> 0.023267861
A23: =A251 -> 3. Veículos e Equipamentos | E23: =F497 -> 192047.02 | F23: =IFERROR(E23/$E$44,0) -> 0.33154505
A24: =A253 -> 3.1. Caminhões e equipamentos acoplados | E24: =F373 -> 140180 | F24: =IFERROR(E24/$E$44,0) -> 0.24200315
A25: =A255 -> 3.1.1 Depreciação | E25: =F291 -> 23733.939 | F25: =IFERROR(E25/$E$44,0) -> 0.040973664
A26: =A293 -> 3.1.2 Remuneração do Capital | E26: =F328 -> 36025.702 | F26: =IFERROR(E26/$E$44,0) -> 0.062193848
A27: =A331 -> 3.1.3. Impostos e Seguros | E27: =F337 -> 5056.6808 | F27: =IFERROR(E27/$E$44,0) -> 0.0087297242
A28: =A339 -> 3.1.4. Consumos | E28: =F356 -> 54907.534 | F28: =IFERROR(E28/$E$44,0) -> 0.09479096
A29: =A358 -> 3.1.5. Manutenção | E29: =F363 -> 17160 | F29: =IFERROR(E29/$E$44,0) -> 0.029624584
A30: =A365 -> 3.1.6. Pneus | E30: =F372 -> 3296.1409 | F30: =IFERROR(E30/$E$44,0) -> 0.0056903732
A31: =A375 -> 3.2. Veículo Leve camionete | E31: =F445 -> 17646.813 | F31: =IFERROR(E31/$E$44,0) -> 0.030465006
A32: =A377 -> 3.2.1 Depreciação | E32: =F395 -> 2628.465 | F32: =IFERROR(E32/$E$44,0) -> 0.0045377146
A33: =A397 -> 3.2.2 Remuneração do Capital | E33: =F415 -> 3989.7421 | F33: =IFERROR(E33/$E$44,0) -> 0.0068877885
A34: =A417 -> 3.2.3. Impostos e Seguros | E34: =F423 -> 1841.4667 | F34: =IFERROR(E34/$E$44,0) -> 0.0031790609
A35: =A425 -> 3.2.4. Consumos | E35: =F433 -> 8209.1429 | F35: =IFERROR(E35/$E$44,0) -> 0.014172054
A36: =A435 -> 3.2.5. Manutenção | E36: =F438 -> 528 | F36: =IFERROR(E36/$E$44,0) -> 0.00091152567
A37: =A440 -> 3.2.6. Pneus | E37: =F444 -> 449.9968 | F37: =IFERROR(E37/$E$44,0) -> 0.00077686294
A38: =A447 -> 3.3. Equipamentos – Roçadeira e Soprador | E38: =F495 -> 34220.206 | F38: =IFERROR(E38/$E$44,0) -> 0.059076887
A39: =A449 -> 3.3.1 Depreciação | E39: =F462 -> 208.66915 | F39: =IFERROR(E39/$E$44,0) -> 0.00036024108
A40: =A464 -> 3.3.2 Remuneração do Capital | E40: =F477 -> 203.90814 | F40: =IFERROR(E40/$E$44,0) -> 0.00035202178
A41: =A479 -> 3.3.3. Consumos | E41: =F494 -> 33807.629 | F41: =IFERROR(E41/$E$44,0) -> 0.058364624
A42: =A499 -> 4. Ferramentas e Materiais de Consumo | E42: =+F518 -> 2078.32 | F42: =IFERROR(E42/$E$44,0) -> 0.0035879584
A43: =A523 -> 5. Benefícios e Despesas Indiretas - BDI | E43: =+F529 -> 125256.45 | F43: =IFERROR(E43/$E$44,0) -> 0.21623952
A44: PREÇO TOTAL MENSAL COM A COLETA | E44: =E12+E22+E23+E42+E43 -> 579248.64 | F44: =F12+F22+F23+F42+F43 -> 1
A46: Quantitativos
A47: Mão-de-obra | E47: Quantidade
A48: =+A78 -> 1.1. Auxiliar Administrativo | E48: 1
A49: =A90 -> 1.2. Técnico Supervisor | E49: 1
A50: =A102 -> 1.3. Gari Ajudante | E50: 4
A51: =A114 -> 1.4. Gari Varredor | E51: 17
A52: =A126 -> 1.5. Roçador | E52: 12
A53: =A138 -> 1.6. Motoristas Operadores | E53: 2
A54: =A150 -> 1.7. Motoristas Caminhão/Caminhonete | E54: 7
A55: Total de mão-de-obra (postos de trabalho) | E55: =E48+E49+E50+E51+E52+E53+E54 -> 44
A57: Veículos | E57: Quantidade
A58: Caminhão ¾ com 175 cv com Caçamba basculante e Cabine auxiliar (Para 5 pessoas) (Conjunto) | E58: 4
A59: Caminhão 4/2 toco com 230 cv e Varredeira mecânica de sucção (Conjunto) | E59: 1
A60: Mini escavadeira – 48.9 HP (Bobcat) | E60: 1
A61: Camionete Pick-up 2 lugares | E61: 1
A62: Camionete Pick-up 5 lugares – Para equipe | E62: 3
A63: Total da frota | E63: =SUM(E58:E62) -> 10
A65: Equipamentos | E65: Quantidade
A66: Roçadeira a gasolina 32cc | E66: 12
A67: Soprador a gasolina | E67: 6
A68: Total dos Equipamentos | E68: =SUM(E66:E67) -> 18
A70: Fator de utilização (FU) | B70: 1
A76: 1. Mão-de-obra
A78: 1.1. Auxiliar Administrativo | B78: CBO: 4110 | C78: Sindilimp Asseio | D78: Vigência: | E78: 01/01/2026 a 31/12/2026
A79: Discriminação | B79: Unidade | C79: Quantidade | D79: Custo unitário | E79: Subtotal | F79: Total (R$)
A80: Piso da categoria | B80: mês | C80: 1 | D80: 2307.83 | E80: =C80*D80 -> 2307.83
A81: Salário mínimo nacional - Base de cálculo | B81: mês | C81: 1 | D81: 1621
A82: Base de cálculo da Insalubridade | C82: 0
A83: Adicional de Insalubridade | B83: % | C83: 0 | D83: =IF(C82=2,SUM(E80:E81),IF(C82=1,(SUM(E80:E81))*D81/D80,0)) -> 0 | E83: =C83*D83/100 -> 0
A84: Soma | C84: 0 | E84: =SUM(E80:E83) -> 2307.83
A85: Encargos Sociais | B85: % | C85: ='2.Tabelas Auxiliares'!$D$33*100 -> 70.73385 | D85: =E84 -> 2307.83 | E85: =D85*C85/100 -> 1632.417
A86: Total por Auxiliar | E86: =E84+E85 -> 3940.247
A87: Total do Efetivo | B87: Profissional | C87: =E48 -> 1 | D87: =E86 -> 3940.247 | E87: =C87*D87 -> 3940.247
D88: Fator de utilização | E88: =$B$70 -> 1 | F88: =E87*E88 -> 3940.247
A90: 1.2. Técnico Supervisor | B90: Despacho anexado Processo OXY 259/2026-Sequência 15 | C90: Valor arbitrado pela Secretaria - Parametro para restante: Sindilimp | D90: Vigência: | E90: 01/01/2026 a 31/12/2026
A91: Discriminação | B91: Unidade | C91: Quantidade | D91: Custo unitário | E91: Subtotal | F91: Total (R$)
A92: Piso da categoria | B92: mês | C92: 1 | D92: 3825 | E92: =C92*D92 -> 3825
A93: Salário mínimo nacional - Base de cálculo | B93: mês | C93: 1 | D93: 1621
A94: Base de cálculo da Insalubridade | C94: 2
A95: Adicional de Insalubridade | B95: % | C95: 20 | D95: =IF(C94=2,SUM(E92:E93),IF(C94=1,(SUM(E92:E93))*D93/D92,0)) -> 3825 | E95: =C95*D95/100 -> 765
A96: Soma | E96: =SUM(E92:E95) -> 4590
A97: Encargos Sociais | B97: % | C97: ='2.Tabelas Auxiliares'!$D$33*100 -> 70.73385 | D97: =E96 -> 4590 | E97: =D97*C97/100 -> 3246.6837
A98: Total por Técnico | E98: =E96+E97 -> 7836.6837
A99: Total do Efetivo | B99: Profissional | C99: =E49 -> 1 | D99: =E98 -> 7836.6837 | E99: =C99*D99 -> 7836.6837
A100: Nota técnica: Cargo não previsto na CCT SINDLIMP, salário arbitrado pela Secretaria | D100: Fator de utilização | E100: 1 | F100: =E99*E100 -> 7836.6837
A102: 1.3. Gari Ajudante | B102: CBO: 5142 | C102: Sindilimp Asseio | D102: Vigência: | E102: 01/01/2026 a 31/12/2026
A103: Discriminação | B103: Unidade | C103: Quantidade | D103: Custo unitário | E103: Subtotal | F103: Total (R$)
A104: Piso da categoria | B104: mês | C104: 1 | D104: 1966.73 | E104: =C104*D104 -> 1966.73
A105: Salário mínimo nacional - Base de cálculo | B105: mês | C105: 1 | D105: 1621
A106: Base de cálculo da Insalubridade | C106: 2
A107: Adicional de Insalubridade | B107: % | C107: 40 | D107: =IF(C106=2,SUM(E104:E105),IF(C106=1,(SUM(E104:E105))*D105/D104,0)) -> 1966.73 | E107: =C107*D107/100 -> 786.692
A108: Soma | E108: =SUM(E104:E107) -> 2753.422
A109: Encargos Sociais | B109: % | C109: ='2.Tabelas Auxiliares'!$D$33*100 -> 70.73385 | D109: =E108 -> 2753.422 | E109: =D109*C109/100 -> 1947.6014
A110: Total por Gari | E110: =E108+E109 -> 4701.0234
A111: Total do Efetivo | B111: Profissional | C111: =E50 -> 4 | D111: =E110 -> 4701.0234 | E111: =C111*D111 -> 18804.094
D112: Fator de utilização | E112: =$B$70 -> 1 | F112: =E111*E112 -> 18804.094
A114: 1.4. Gari Varredor | B114: CBO: 5142 | C114: Sindilimp Asseio | D114: Vigência: | E114: 01/01/2026 a 31/12/2026
A115: Discriminação | B115: Unidade | C115: Quantidade | D115: Custo unitário | E115: Subtotal | F115: Total (R$)
A116: Piso da categoria | B116: mês | C116: 1 | D116: 1966.73 | E116: =C116*D116 -> 1966.73
A117: Salário mínimo nacional - Base de cálculo | B117: mês | C117: 1 | D117: 1621
A118: Base de cálculo da Insalubridade | C118: 2
A119: Adicional de Insalubridade | B119: % | C119: 40 | D119: =IF(C118=2,SUM(E116:E117),IF(C118=1,(SUM(E116:E117))*D117/D116,0)) -> 1966.73 | E119: =C119*D119/100 -> 786.692
...

Sheet 2.Tabelas Auxiliares
A1: Tabelas Auxiliares
A3: 2. Composição dos Encargos Sociais
A4: Código | B4: Descrição | D4: Valor
A5: A1 | B5: INSS | D5: 0.2
A6: A2 | B6: SESI | D6: 0.015
A7: A3 | B7: SENAI | D7: 0.01
A8: A4 | B8: INCRA | D8: 0.002
A9: A5 | B9: SEBRAE | D9: 0.006
A10: A6 | B10: Salário educação | D10: 0.025
A11: A7 | B11: Seguro contra acidentes de trabalho | D11: 0.03
A12: A8 | B12: FGTS | D12: 0.08
A13: A | B13: SOMA GRUPO A | D13: =SUM(D5:D12) -> 0.368
A15: B1 | B15: Férias gozadas | D15: =ROUND(IF('2.Tabelas Auxiliares'!C56>24,(1-12/'2.Tabelas Auxiliares'!C56)*0.1111,0.1111-D24),4) -> 0.0546
A16: B2 | B16: 13º salário | D16: =ROUND('2.Tabelas Auxiliares'!C60/'2.Tabelas Auxiliares'!C57,4) -> 0.0833
A17: B3 | B17: Licença Paternidade | D17: 0.0006
A18: B4 | B18: Faltas justificadas | D18: 0.0082
A19: B5 | B19: Auxilio acidente de trabalho | D19: 0.0031
A20: B6 | B20: Auxilio doença | D20: 0.0166
A21: B | B21: SOMA GRUPO B | D21: =SUM(D15:D20) -> 0.1664
A23: C1 | B23: Aviso prévio indenizado | D23: =ROUND(('2.Tabelas Auxiliares'!C61) *'2.Tabelas Auxiliares'!C54/'2.Tabelas Auxiliares'!C57,4) -> 0.029
A24: C2 | B24: Férias indenizadas | D24: =ROUND(IF('2.Tabelas Auxiliares'!C56>12,12/'2.Tabelas Auxiliares'!C56*0.1111,0.1111),4) -> 0.0565
A25: C3 | B25: Férias indenizadas s/ aviso previo inden. | D25: =D23*D24 -> 0.0016385
A26: C4 | B26: Depósito rescisão sem justa causa | D26: =ROUND(('2.Tabelas Auxiliares'!C57+'2.Tabelas Auxiliares'!C58+'2.Tabelas Auxiliares'!C60)/'2.Tabelas Auxiliares'!C55*'2.Tabelas Auxiliares'!C62*'2.Tabelas Auxiliares'!C63*'2.Tabelas Auxiliares'!C54/'2.Tabelas Auxiliares'!C57,4) -> 0.0203
A27: C5 | B27: Indenização adicional | D27: =ROUND(('2.Tabelas Auxiliares'!C59/'2.Tabelas Auxiliares'!C57)*'2.Tabelas Auxiliares'!C54/12,4) -> 0.002
A28: C | B28: SOMA GRUPO C | D28: =SUM(D23:D27) -> 0.1094385
A30: D1 | B30: Reincidência de Grupo A sobre Grupo B | D30: =ROUND(D13*D21,4) -> 0.0612
A31: D2 | B31: Reincidência de FGTS sobre aviso prévio indenizado | D31: =ROUND((D23*D12),4) -> 0.0023
A32: D | B32: SOMA GRUPO D | D32: =SUM(D30:D31) -> 0.0635
B33: SOMA (A+B+C+D) | D33: =D32+D28+D21+D13 -> 0.7073385
A35: 3. CAGED 2025
A36: Rio Grande do Sul - Atividades de limpeza - (CBO 5142-15 / 5142-25 - CNAE 81.29-0-00)
A37: Admissões | C37: 6845
A38: Desligamentos | C38: 6520
A39: Dispensados com justa causa | C39: 142
A40: Dispensados sem justa causa | C40: 3812
A41: Espontâneos | C41: 1118
A42: Fim de contrato por prazo determinado | C42: 75
A43: Término de contrato | C43: 1098
A44: Aposentados | C44: 4
A45: Mortos | C45: 89
A46: Transferência de saída | C46: 0
A47: Acordo | C47: 35
A48: Indicadores
A49: Estoque recuperado início do Período 01-01-2025 | C49: 12981
A50: Estoque recuperado final do Período 31-12-2025 | C50: 13306
A51: Variação Emprego Absoluta de 01-01-2025 a 31-12-2025 | C51: =C37-C38 -> 325
A53: Estoque Médio | C53: =MEDIAN(C49,C50) -> 13143.5
A54: % Demitidos s/ Justa Causa em relação ao Estoque Médio | C54: =C40/C53 -> 0.29002929
A55: Taxa de Rotatividade | C55: =MEDIAN(C37,C38)/C53 -> 0.50842622
A56: Rotatividade temporal (meses) | C56: =12/C55 -> 23.602245
A57: Dias ano | C57: 360
A58: 1/3 de férias (dias) | C58: 10
A59: Férias (dias) | C59: 30
A60: 13º Salário (dias) | C60: 30
A61: Dias de Aviso prévio | C61: =30+(6*TRUNC(1/C55)) -> 36
A62: FGTS | C62: 0.08
A63: Multa FGTS* | C63: 0.4
A64: *Ajustado, de acordo com a nova Lei Federal nº 13.932/2019
A66: 4. Composição do BDI - Benefícios e Despesas Indiretas
B67: Referência estudo TCE
D68: 1° Quartil | E68: Médio | F68: 3° Quartil
A69: Administração Central | B69: AC | C69: 0.06 | D69: 0.0297 | E69: 0.0508 | F69: 0.0627
A70: Seguros/Riscos/Garantias | B70: SRG | C70: 0.02 | D70: =0.3%+0.56% -> 0.0086 | E70: =0.48%+0.85% -> 0.0133 | F70: =0.82%+0.89% -> 0.0171
A71: Lucro | B71: L | C71: 0.1 | D71: 0.0778 | E71: 0.1085 | F71: 0.1355
A72: Despesas Financeiras | B72: DF | C72: =(1+E72)^(E73/252)-1 -> 0.0026031494 | D72: i | E72: 0.14
A73: Tributos - ISS | B73: T | C73: 0.03 | D73: DU | E73: 5
A74: Tributos – PIS/COFINS – Lucro Presumido | C74: 0.0365
A75: Fórmula para o cálculo do BDI: | B75: =3+0.65 -> 3.65
A76: {[(1+AC+SRG) x (1+L) x (1+DF)] / (1-T)} -1
A77: Resultado do cálculo do BDI: | C77: =ROUND((((1+C69+C70)*(1+C71)*(1+C72))/(1-(C73+C74))-1),4) -> 0.2759 | D77: 0.2143 | E77: 0.2717 | F77: 0.3362
A79: 5. Depreciação Referencial TCE/RS (%)
A80: Idade do veículo (ano) | B80: Depreciação Média
A81: 1 | B81: 33.63
A82: 2 | B82: 43.13
A83: 3 | B83: 48.68
A84: 4 | B84: 52.62
A85: 5 | B85: 55.68
A86: 6 | B86: 58.18
A87: 7 | B87: 60.29
A88: 8 | B88: 62.12
A89: 9 | B89: 63.73
A90: 10 | B90: 65.18
A91: 11 | B91: 66.48
A92: 12 | B92: 67.67
... A95: 15 | B95: 70.73
A97: 6. Remuneração de Capital
A99: Fórmula de cálculo da remuneração de capital:
A107: Jm = remuneração de capital mensal
A108: i = taxa de juros do mercado (sugere-se adotar a taxa SELIC)
A109: Im = investimento médio
A110: V0 = valor inicial do bem
A111: Vr = valor residual do bem
A112: n = vida útil do bem em anos
